 Dungeon Crawl Stone Soup version 0.31-a0-237-g2d982f9f85 (webtiles) character file.

Game seed: 2370971219166124220

11 qw the Shooter (level 2, 0/23 HPs)
             Began as a Minotaur Hexslinger on July 10, 2023.
             Slain by a goblin
             ... wielding a +0 club
             ... led by Robin
              (6 damage)
             ... on level 1 of the Dungeon.
             The game lasted 00:00:11 (650 turns).

qw the Shooter (Minotaur Hexslinger)                 Turns: 650, Time: 00:00:11

Health: 0/23       AC:  3    Str: 12    XL:     2   Next: 13%
Magic:  2/2        EV: 11    Int: 10    God:
Gold:   41         SH:  0    Dex: 12    Spells: 2/3 levels left

rFire   . . .        Y - +2 sling (elec)
rCold   . . .        (no shield)
rNeg    . . .        j - +0 leather armour
rPois   .            (helmet restricted)
rElec   .            (no cloak)
rCorr   .            (no gloves)
SInv    .            (no boots)
Will    .....        (no amulet)
Stlth   +            (no ring)
HPRegen 0.23/turn    (no ring)
MPRegen 0.08/turn

%: no passive effects
@: no status effects
A: horns 2, retaliatory headbutt
a: no special abilities


You were on level 1 of the Dungeon.
You visited 1 branch of the dungeon, and saw 2 of its levels.

You collected 41 gold pieces.


Innate Abilities, Weirdness & Mutations

You have a pair of horns on your head.
You reflexively headbutt those who attack you in melee.


   Skills:
 + Level 1.6 Fighting
 - Level 3.0 Ranged Weapons
 - Level 2.1 Dodging
 - Level 1.0 Spellcasting
 - Level 2.0 Hexes


You had 2 spell levels left.
You knew the following spells:

 Your Spells              Type           Power      Damage    Failure   Level
a - Slow                  Hex            16%        N/A       19%         1

Your spell library contained the following spells:

 Spells                   Type           Power      Damage    Failure   Level
 Inner Flame              Hex/Fire       2%         N/A       65%         3
 Portal Projectile        Hex/Tloc       4%         N/A       65%         3
 Cause Fear               Hex            2%         N/A       88%         4

Inventory:

Hand Weapons
 Y - a +2 sling of electrocution (weapon)
Armour
 j - a +0 leather armour (worn)
Scrolls
 a - a scroll of identify
Potions
 e - a potion of curing
 h - a potion of heal wounds {unknown}
 l - a potion of degeneration {unknown}

Dungeon Overview and Level Annotations

Branches:
Dungeon (2/15)

Altars:

Annotations:
D:2 Robin


Message History

A goblin comes into view. It is wielding a +0 dagger.
You shoot a sling bullet. The sling bullet barely misses the rat.
The goblin shouts!
Robin throws the goblin at you!
A goblin comes into view. It is wielding a +0 club.
You shoot a sling bullet.
The sling bullet closely misses the goblin.
An adder comes into view.
A hobgoblin comes into view.
The goblin barely misses you.
A giant cockroach comes into view.
The adder moves out of view.
You shoot a sling bullet. The hobgoblin shouts!
The sling bullet hits the goblin.
You kill the goblin!
Robin roars a battlecry!
The goblins go into a battle-frenzy!
A hobgoblin comes into view.
The rat closely misses you.
The hobgoblin shouts!
You hear a shout!
You shoot a sling bullet.
The sling bullet closely misses the goblin. x2
The adder hisses angrily.
The sling bullet hits the giant cockroach but does no damage.
Robin throws the goblin at you! The rat bites you but does no damage.
The goblin hits you with a +0 dagger. The goblin closely misses you.
648 ||| STAIRDANCE The rat closely misses you.
The goblin hits you with a +0 club. The goblin hits you with a +0 dagger.
You climb upwards.
There is a stone staircase leading down here.
Enter note:
Enter note:
Enter note: You shoot a sling bullet.
The sling bullet barely misses the goblin.
The goblin hits you with a +0 dagger. The goblin hits you with a +0 club.
The rat bites you but does no damage. The goblin hits you with a +0 dagger.
The goblin hits you with a +0 club.
You die...

####...## #...# #.........#
#####.## #...####.#.#...#.###
#####.## #..............#.##.
####...#######...####.........##.
#.......#.....................##.
.................................
#.......#....................###.
##.#....####....rg.###.......# #.
##.##.#.# #.#>.@......#...#.# #.
##.##.#.# #.#.g.#.###.......# ##
##.##.#.# #.#...#.# ####.####
##.##.#.# #.#...#.# #.# #
##......## #.......# #.#######
.........######.#### #.##.....
###.####.##.......# ##.##.#### #
#.####.##.###...######........# #
#.##.....................#.##..


You could see 2 goblins and a rat.

Vanquished Creatures
  3 ball pythons
  An endoplasm (D:1)
  3 goblins
  A hobgoblin (D:1)
  2 kobolds (D:1)
10 creatures vanquished.

Notes
Turn   | Place    | Note
-------+----------+-------------------------------------------
     0 | D:1      | qw the Minotaur Hexslinger began the quest for the Orb.
     0 | D:1      | Reached XP level 1. HP: 16/16 MP: 1/1
     0 | D:1      | 0 ||| qw: Version: 0.3-a-52-g30416fa
     0 | D:1      | 0 ||| qw: Game counter: 5339
     0 | D:1      | 0 ||| qw: Melee chars always use a shield: true
     0 | D:1      | 0 ||| qw: God list: Okawaru
     0 | D:1      | 0 ||| qw: Allow faded altars: false
     0 | D:1      | 0 ||| qw: Do Orc after clearing Dungeon:15 true
     0 | D:1      | 0 ||| qw: Do second Lair branch before Depths: true
     0 | D:1      | 0 ||| qw: Lair rune preference: random
     0 | D:1      | 0 ||| qw: Goals: Normal
     0 | D:1      | 0 ||| PLANNING D:1-11
    62 | D:1      | Found a faded altar of an unknown god.
   512 | D:1      | Reached skill level 3 in Ranged Weapons
   516 | D:1      | Reached XP level 2. HP: 23/23 MP: 2/2
   587 | D:1      | 587 ||| UPGRADING to +0 leather armour.
   597 | D:1      | 597 ||| DROPPING +0 robe.
   598 | D:1      | 598 ||| READING 3 scrolls labelled IQIEH ZEWYABA.
   599 | D:1      | 599 ||| READING scroll labelled GERIOTUD OJI.
   600 | D:1      | 600 ||| READING scroll labelled ULAOXK YHEWKYEMU.
   601 | D:1      | 601 ||| READING scroll labelled OLAICS SEBB.
   602 | D:1      | 602 ||| READING scroll labelled VIMPOI YCWUEF.
   607 | D:1      | 607 ||| READING 2 scrolls of identify.
   607 | D:1      | 607 ||| IDENTIFYING clear potion
   608 | D:1      | 608 ||| DROPPING scroll of poison.
   643 | D:2      | Noticed Robin
   648 | D:2      | 648 ||| STAIRDANCE
   650 | D:1      | Slain by a goblin

Levels and vault maps discovered:
D:1:      eino_arrival_tree_alley, layout_loops_cross,
          ebering_ecumenical_altar_box
D:2:      layout_basic, uniq_robin

Skill      XL: |  1 |
---------------+----+-----
Ranged Weapons | 3 |  3.0
Fighting       | |  1.6
Dodging        | |  2.1
Spellcasting   | |  1.0
Hexes          | |  2.0

Action                     || total
---------------------------++-------
   Fire: Sling             ||    22
    Use: Scroll            ||     6
 Armour: Leather armour    ||     4
  Dodge: Dodged            ||     4

Table legend:
 A = Non-vault XP
 B = Vault XP
 C = Vault XP percentage of total XP
 D = Non-vault monster count
 E = Vault monster count
 F = Vault count percentage of total count
                 A         B        C        D         E       F
            +---------+---------+-------+---------+---------+-------
      Total |      15 |       1 |   6.2 |       9 |       1 |  10.0
            +---------+---------+-------+---------+---------+-------
        D:1 |      13 |       0 |   0.0 |       8 |       0 |   0.0
        D:2 |       2 |       1 |  33.3 |       1 |       1 |  50.0
            +---------+---------+-------+---------+---------+-------
